AoeStats
← Leo31

Arabia

510204718Analyzed
2v2 RM · 2d ago on Sep 29, 2026· 49m 10s· 4 players
Game mode
Random Map
Map size
Medium (4 player)
Population
200
Speed
Normal
Resources
Standard
Victory
Conquest
Starting age
Dark Age
Ending age
Imperial Age
RankedLock teamsTeams togetherTeam positionsShared explorationLock speedFull tech treeHidden civsTurbo modeCheats
Victory
Defeat
🇲🇽 Muisca · Mexico
1283
+19
🇪🇸 Franks · Spain
1256
+19
🇨🇴 Japanese · Colombia
1339
-19
🇨🇴 Khmer · Colombia
1338
-19
Avila1997
7:41 Loom
11:02 Feudal Age
11:07 Champi Runner
15:29 Double-Bit Axe
18:25 Fletching
20:01 Wheelbarrow
22:43 Castle Age
21:07 Padded Archer Armor
22:52 Forging
22:37 Horse Collar
23:25 Scale Mail Armor
22:46 Champi Warrior
23:45 Crossbowman
26:56 Bow Saw
28:05 Town Watch
30:33 Sanctity
30:55 Chain Mail Armor
33:00 Fervor
34:30 Iron Casting
39:21 Imperial Age
38:02 Gold Mining
39:31 Ballistics
39:35 Heavy Plow
39:23 Arbalester
40:11 Thumb Ring
40:02 Bodkin Arrow
41:15 Chemistry
42:07 Illumination
42:28 Bracer
43:17 Leather Archer Armor
43:34 Champi Warrior
44:14 Squires
44:47 Plate Mail Armor
44:33 Hand Cart
44:38 Elite Champi Warrior
47:18 Gold Shaft Mining
samuelfananas
6:56 Loom
9:31 Feudal Age
10:21 Double-Bit Axe
19:57 Castle Age
18:54 Scale Barding Armor
19:54 Forging
24:00 Iron Casting
24:40 Chain Barding Armor
25:48 Gold Mining
27:10 Husbandry
31:33 Wheelbarrow
35:11 Hand Cart
34:51 Stone Mining
38:34 Bow Saw
45:46 Imperial Age
44:08 Ballistics
45:32 Fletching
45:55 Cavalier
47:52 Plate Barding Armor
48:17 Blast Furnace
47:54 Paladin
49:10 Chivalry
49:35 Conscription
Leo31
3:19 Loom
9:11 Feudal Age
9:47 Double-Bit Axe
10:11 Horse Collar
17:18 Forging
19:34 Scale Barding Armor
19:54 Fletching
23:20 Wheelbarrow
26:00 Castle Age
24:17 Gold Mining
25:00 Bloodlines
25:06 Town Watch
26:53 Husbandry
27:58 Chain Barding Armor
30:06 Iron Casting
29:44 Light Cavalry
35:26 Bodkin Arrow
35:11 Crossbowman
43:41 Hand Cart
44:28 Town Patrol
49:58 Imperial Age
48:17 Padded Archer Armor
eiage12
6:13 Loom
6:15 Loom
9:26 Feudal Age
9:58 Double-Bit Axe
12:22 Wheelbarrow
16:17 Fletching
22:22 Castle Age
21:53 Scale Mail Armor
22:48 Gold Mining
22:59 Bodkin Arrow
22:29 Crossbowman
23:30 Bow Saw
27:20 Horse Collar
29:24 Husbandry
30:48 Pikeman
34:26 Town Watch
36:25 Ballistics
37:48 Thumb Ring
37:57 Padded Archer Armor
41:24 Bloodlines
41:49 Leather Archer Armor
47:20 Imperial Age
46:26 Forging
47:16 Stone Mining
48:59 Parthian Tactics
49:03 Bracer
Connection lost

Rejoining the realm…

Still unreachable

The connection could not be restored.

Session expired

The server has moved on; the page needs a fresh start.